 Dungeon Crawl Stone Soup version 0.27-a0-1217-g8a41f320e8 (webtiles) character file.

Game seed: 17976070817391215866

24689 rogsnak the Destroyer (level 12, -7/78 HPs)
             Began as a Demonspawn Fire Elementalist on June 6, 2021.
             Was a High Priest of Sif Muna.
             Shot with an arrow by a centaur warrior (20 damage)
             ... on level 13 of the Dungeon.
             The game lasted 00:51:02 (18326 turns).

rogsnak the Destroyer (DsFE)                       Turns: 18326, Time: 00:51:02

Health: -7/78      AC:  8    Str:  8    XL:     12   Next: 82%
Magic:  21/26      EV: 12    Int: 23    God:    Sif Muna [*****.]
Gold:   529        SH:  0    Dex: 13    Spells: 13/31 levels left

rFire    + . .     SeeInvis .   H - +1 falchion (elec)
rCold    + . .     Faith    +   (no shield)
rNeg     . . .     Spirit   .   u - +0 troll leather armour
rPois    +         Reflect  .   (helmet restricted)
rElec    .         Harm     .   Y - scarf {rC+ rF+}
rCorr    .         Rampage  .   (no gloves)
Will     .....                  C - +0 pair of boots
Stlth    ++........             n - amulet of faith
HPRegen  1.23/turn              p - ring of flight
MPRegen  0.20/turn              z - ring of poison resistance

@: flying
A: horns 2, yellow scales 2, spiny 1, demonic magic 3
a: Renounce Religion, Channel Magic, Forget Spell, Divine Exegesis


You were on level 13 of the Dungeon.
You worshipped Sif Muna.
Sif Muna was extremely pleased with you.
You visited 2 branches of the dungeon, and saw 16 of its levels.
You also visited: Sewer.

You collected 879 gold pieces.
You spent 350 gold pieces at shops.

Inventory:

Hand Weapons
 b - a +5 dagger of freezing
 m - a +2 hunting sling of freezing
 v - the +8 great mace "Fophezust" {vamp, rPois rC- Will+++ Str+3}
   (You bought it in a shop on level 10 of the Dungeon)

   It inflicts no extra harm, but heals its wielder when it wounds a living foe.
   It affects your strength (+3).
   It makes you vulnerable to cold.
   It protects you from poison.
   It greatly increases your willpower.
 y - a +2 dagger of venom
 H - a +1 falchion of electrocution (weapon)
 V - a +4 eveningstar of protection
Missiles
 k - 84 sling bullets
 E - 16 curare-tipped darts
 K - 6 silver boomerangs
 U - a throwing net
Armour
 h - a +1 leather armour of cold resistance
 i - a +1 ring mail of willpower
 u - a +0 troll leather armour (worn)
 C - a +0 pair of boots (worn)
 L - +0 steam dragon scales
 N - +0 acid dragon scales
 Y - a scarf of resistance (worn)
Magical Staves
 M - a staff of cold
Jewellery
 a - an amulet of magic regeneration
 n - an amulet of faith (around neck)
 p - a ring of flight (left hand)
 z - a ring of poison resistance (right hand)
 P - a ring of resist corrosion
Wands
 c - a wand of acid (6)
 o - a wand of flame (13)
 D - a wand of iceblast (15)
 R - a wand of digging (3)
 T - a wand of paralysis (26)
 X - a wand of mindburst (31)
Scrolls
 f - a scroll of identify
 j - 5 scrolls of teleportation {unknown}
 r - 4 scrolls of blinking
 s - a scroll of amnesia
 t - a scroll of fog
 x - 6 scrolls of enchant armour {unknown}
 A - 2 scrolls of immolation
 I - 3 scrolls of magic mapping {unknown}
 J - 3 scrolls of fear {unknown}
 W - 3 scrolls of silence
 Z - a scroll of enchant weapon
Potions
 d - a potion of mutation
 e - a potion of resistance
 g - 3 potions of haste {unknown}
 l - 5 potions of curing {unknown}
 q - 8 potions of lignification {unknown}
 w - 2 potions of heal wounds {unknown}
 B - 2 potions of degeneration {unknown}
 F - a potion of brilliance
 G - 2 potions of flight {unknown}
 O - a potion of cancellation
 Q - a potion of might
 S - a potion of invisibility


   Skills:
 + Level 2.2 Fighting
 - Level 1.8 Long Blades
 + Level 2.7 Armour
 + Level 3.3 Dodging
 - Level 2.0 Stealth
 + Level 10.3 Spellcasting
 * Level 13.9 Conjurations
 + Level 9.2 Fire Magic
 * Level 4.9 Earth Magic
 * Level 0.6 Invocations
 + Level 0.2 Evocations


You had 13 spell levels left.
You knew the following spells:

 Your Spells              Type           Power      Damage    Failure   Level
a - Foxfire               Conj/Fire      100%       2x1d9     1%          1
b - Sticky Flame          Conj/Fire      60%        2d8       1%          4
c - Fireball              Conj/Fire      30%        3d13      1%          5
d - Stone Arrow           Conj/Erth      100%       3d13      1%          3
e - Lightning Bolt        Conj/Air       21%        1d36      12%         5

Your spell library contained the following spells:

 Spells                   Type           Power      Damage    Failure   Level
 Magic Dart               Conj           100%       1d8       1%          1
 Searing Ray              Conj           100%       3d7       1%          2
 Conjure Flame            Conj/Fire      60%        6-21      1%          3
 Inner Flame              Hex/Fire       33%        N/A       3%          3
 Summon Small Mammal      Summ           44%        N/A       8%          1
 Call Imp                 Summ           11%        N/A       12%         2
 Corpse Rot               Necr/Air       N/A        N/A       12%         2
 Call Canine Familiar     Summ           11%        N/A       24%         3
 Summon Guardian Golem    Hex/Summ       11%        N/A       24%         3
 Summon Ice Beast         Ice/Summ       11%        N/A       61%         4
 Summon Lightning Spire   Summ/Air       11%        N/A       61%         4
 Hydra Form               Tmut           5%         N/A       91%         5
 Summon Forest            Summ/Tloc      5%         N/A       91%         5
 Spellforged Servitor     Conj/Summ      21%        N/A       98%         7
 Eringya's Noxious Bog    Tmut/Pois      5%         N/A       100%        6
 Summon Hydra             Summ           5%         N/A       100%        7


Dungeon Overview and Level Annotations

Branches:
Dungeon (15/15)            Temple (1/1) D:5            Lair (0/6) D:8
    Orc (0/2) D:12          Sewer (visited)
 Vaults: D:13-14     Depths: D:15

Altars:
Ashenzari
Dithmenos
Elyvilon
Fedhas
Gozag
Makhleb
Qazlal
Sif Muna
Trog
Uskayaw
Vehumet
Wu Jian
Xom
Yredelemnul
Zin
The Shining One
Beogh

Shops:
D:10 (   D:11 ?


Innate Abilities, Weirdness & Mutations

You have a pair of horns on your head.
You are mostly covered in yellow scales. (AC +3)
You are partially covered in sharp spines.
Spells you cast and wands you use may paralyse nearby enemies.


Message History

Lightning courses through the manticore!
You headbutt the manticore.
The manticore is almost dead.
You carefully extract the barbed spikes from your body.
The manticore burns!
The helpless manticore fails to defend itself.
You hit the manticore.
Lightning courses through the manticore!
You kill the manticore!
Sif Muna accepts your kill.
Unknown command.
You start resting.
HP restored.
You start resting.
Magic restored.
The deep elf pyromancer shouts!
You hear a shout! x2
The deep elf pyromancer points at you and mumbles some strange words.
The bolt of fire hits you! You resist.
Unknown command.
A centaur warrior comes into view.
Casting: Sticky Flame (mildly dangerous; 1% risk of failure)
Confirm with . or Enter, or press ? or * to list all spells.
Aiming: Fireball (dangerous; 1% risk of failure)
Press: ? - help, Shift-Dir - straight line The fireball explodes!
The fireball engulfs the deep elf pyromancer!!
You kill the deep elf pyromancer!
Sif Muna accepts your kill.
The fireball engulfs the centaur warrior!!
The centaur warrior is heavily wounded.
The centaur warrior shouts!
Malevolent energies surge around you.
You hear a shout!
The centaur warrior wields a +0 longbow.
The centaur warrior shoots an arrow.
The arrow hits you!!
The centaur warrior shoots an arrow.
The arrow hits you!!
The centaur warrior shoots an arrow.
The arrow hits you!
* * * LOW HITPOINT WARNING * * *
The centaur warrior shoots an arrow.
The arrow hits you!!
You die...

..............#
#
###.#..#.#######
#c.....c...#
#c.# #..# #..#
#..# ########..#
#### .......@..#
.... #########.#
#### #.# .. ..
#.# ... # #.#
...## #.# ......
#.# ...... #.#
(..... #.#
......


You could see a centaur warrior and a yaktaur.

Vanquished Creatures
  A hydra (D:13)
  3 two-headed ogres
  Urug (D:11)
  4 skeletal warriors (D:15)
  2 deep elf pyromancers
  A deep elf archer (D:13)
  A deep elf zephyrmancer (D:13)
  3 ugly things (D:14)
  5 manticores
  10 slime creatures
  Maurice (D:10)
  Maggie (D:7)
  A gargoyle (D:12)
  A yaktaur (D:13)
  A kobold demonologist (D:12)
  3 komodo dragons
  A queen bee (D:10)
  2 trolls
  A hornet (D:9)
  A water elemental (D:13)
  2 shadows
  6 yaks (D:12)
  5 wyverns
  3 wraiths (D:11)
  A steam dragon (D:8)
  6 vampire mosquitoes (D:10)
  2 acid dragons
  A swamp drake (D:8)
  A water moccasin (D:6)
  2 ice beasts (D:6)
  6 orc warriors
  2 black bears
  7 centaurs
  3 ogres
  2 phantoms (D:5)
  A kobold brigand (Sewer)
  A bullfrog (D:9)
  2 scorpions
  A water moccasin skeleton (D:6)
  11 killer bees
  16 wights
  3 electric eels (D:13)
  5 howler monkeys
  A crimson imp (D:6)
  4 centaur zombies
  A bullfrog skeleton (D:7)
  A jelly (D:8)
  8 orc priests
  A hound (D:5)
  2 centaur skeletons
  A gnoll shaman (D:7)
  Jessica (D:2)
  2 iguanas
  20 orc wizards
  6 gnolls
  A howler monkey zombie (D:8)
  A howler monkey skeleton (D:6)
  6 adders
  2 white imps (D:6)
  2 ufetubi
  An adder skeleton (D:5)
  5 worms
  A dart slug (D:2)
  56 orcs
  7 ball pythons
  4 bats
  6 endoplasms
  8 giant cockroaches
  3 goblins
  6 hobgoblins
  9 jackals
  2 quokkas
  2 frilled lizards
  11 kobolds
  7 rats
321 creatures vanquished.

Vanquished Creatures (collateral kills)
  16 foxfires (D:7)
16 creatures vanquished.

Vanquished Creatures (others)
  A boulder beetle (D:12)
  An ugly thing (D:15)
  A manticore (D:12)
  A troll (D:12)
  An orc warrior (D:12)
  An orc priest (D:12)
  45 bushes (D:15)
  1543 foxfires
1594 creatures vanquished.

Grand Total: 1931 creatures vanquished

Notes
Turn   | Place    | Note
-------+----------+-------------------------------------------
     0 | D:1      | rogsnak the Demonspawn Fire Elementalist began the quest
                  | for the Orb.
     0 | D:1      | Reached XP level 1. HP: 13/13 MP: 3/3
   366 | D:1      | Gained mutation: Spells you cast may paralyse adjacent
                  | enemies. [demonic ancestry]
   366 | D:1      | Reached XP level 2. HP: 19/19 MP: 0/5
   995 | D:2      | Reached XP level 3. HP: 24/24 MP: 4/6
  1559 | D:2      | Noticed Jessica
  1594 | D:2      | Reached skill level 2 in Conjurations
  1887 | D:2      | Killed Jessica
  1888 | D:2      | Gained mutation: You are partially covered in yellow
                  | scales. (AC +2) [demonic ancestry]
  1888 | D:2      | Reached XP level 4. HP: 30/30 MP: 1/7
  2244 | D:3      | Found a faded altar of an unknown god.
  2795 | D:3      | Found a hide-covered altar of Uskayaw.
  3252 | D:4      | Reached skill level 3 in Conjurations
  3252 | D:4      | Gained mutation: Spells you cast may paralyse nearby
                  | enemies. [demonic ancestry]
  3252 | D:4      | Reached XP level 5. HP: 35/35 MP: 3/9
  3346 | D:4      | Learned a level 4 spell: Sticky Flame
  3352 | D:4      | Learned a level 5 spell: Fireball
  4000 | D:5      | Entered Level 5 of the Dungeon
  4138 | D:5      | Noticed a phantom
  4154 | D:5      | Killed a phantom
  4213 | D:5      | Noticed a black bear
  4239 | D:5      | Killed a black bear
  4240 | D:5      | Reached skill level 4 in Conjurations
  4240 | D:5      | Gained mutation: You are mostly covered in yellow scales.
                  | (AC +3) [demonic ancestry]
  4240 | D:5      | Reached XP level 6. HP: 33/41 MP: 5/11
  4646 | D:4      | Gained mutation: You have a pair of small horns on your
                  | head. [demonic ancestry]
  4646 | D:4      | Reached XP level 7. HP: 25/46 MP: 3/13
  4792 | D:5      | Reached skill level 5 in Conjurations
  4907 | D:5      | Found a staircase to the Ecumenical Temple.
  4939 | Temple   | Entered the Ecumenical Temple
  5004 | Temple   | Became a worshipper of Sif Muna the Loreminder
  5874 | D:6      | Reached skill level 6 in Conjurations
  5959 | D:6      | Gained mutation: You are partially covered in sharp spines.
                  | [demonic ancestry]
  5959 | D:6      | Reached XP level 8. HP: 53/53 MP: 8/15
  5975 | D:6      | Reached skill level 1 in Fighting
  6051 | D:6      | Reached * piety under Sif Muna
  6069 | D:6      | Found a glowing drain.
  6119 | D:6      | Reached skill level 5 in Spellcasting
  6160 | Sewer    | Entered a sewer
  6222 | Sewer    | Reached skill level 5 in Fire Magic
  6600 | D:6      | Reached skill level 7 in Conjurations
  7120 | D:6      | Found a burning altar of Makhleb.
  7138 | D:6      | Reached ** piety under Sif Muna
  7262 | D:7      | Reached skill level 1 in Long Blades
  7262 | D:7      | Reached XP level 9. HP: 59/59 MP: 13/17
  7268 | D:7      | Reached skill level 8 in Conjurations
  7442 | D:7      | Noticed Maggie
  7601 | D:7      | Noticed a deep elf pyromancer
  7684 | D:7      | Killed a deep elf pyromancer
  8159 | D:7      | Killed Maggie
  8160 | D:7      | Reached skill level 9 in Conjurations
  8541 | D:7      | Killed a large slime creature
  8711 | D:7      | Reached XP level 10. HP: 67/67 MP: 12/20
  9076 | D:8      | Reached skill level 10 in Conjurations
  9155 | D:8      | Reached *** piety under Sif Muna
 10114 | D:8      | Found a staircase to the Lair.
 10323 | D:9      | Found a basalt altar of Yredelemnul.
 10353 | D:9      | Found an opulent altar of Gozag.
 10795 | D:9      | Found a radiant altar of Vehumet.
 10847 | D:9      | Noticed a two-headed ogre
 10858 | D:9      | Killed a two-headed ogre
 10859 | D:9      | Reached skill level 11 in Conjurations
 11049 | D:9      | Reached **** piety under Sif Muna
 11200 | D:9      | Found a shadowy altar of Dithmenos.
 11604 | D:10     | Entered Level 10 of the Dungeon
 11640 | D:10     | Learned a level 3 spell: Stone Arrow
 11651 | D:10     | Found Liosum's Antique Weapon Shoppe.
 11653 | D:10     | Noticed a two-headed ogre
 12012 | D:10     | Gained mutation: Spells you cast and wands you use may
                  | paralyse nearby enemies. [demonic ancestry]
 12012 | D:10     | Reached XP level 11. HP: 71/72 MP: 18/23
 12095 | D:10     | Found an ornate altar of the Wu Jian Council.
 12213 | D:10     | Noticed Maurice
 12235 | D:10     | Killed Maurice
 12254 | D:10     | Reached skill level 1 in Earth Magic
 12503 | D:10     | Bought a steaming great mace for 253 gold pieces
 12503 | D:10     | Identified the +8 great mace "Fophezust" {vamp, rPois rC-
                  | Will+++ Str+3} (You bought it in a shop on level 10 of the
                  | Dungeon)
 12656 | D:10     | Found a blossoming altar of Fedhas.
 12715 | D:10     | Reached ***** piety under Sif Muna
 13080 | D:10     | Killed a two-headed ogre
 13081 | D:10     | Reached skill level 12 in Conjurations
 13218 | D:11     | Identified Sif Muna's Handbook of the Entourage and Battle
                  | Magic (Sif Muna gifted it to you on level 11 of the
                  | Dungeon)
 13218 | D:11     | Received a gift from Sif Muna
 13228 | D:11     | Learned a level 5 spell: Lightning Bolt
 13754 | D:11     | Noticed Urug
 13759 | D:11     | Killed Urug
 14050 | D:11     | Found Gifuuve's Magic Scroll Shop.
 14067 | D:11     | Bought a scroll of blinking for 97 gold pieces
 14175 | D:11     | Noticed a two-headed ogre
 14185 | D:11     | Killed a two-headed ogre
 14373 | D:12     | Killed a boulder beetle
 14561 | D:12     | Found a staircase to the Orcish Mines.
 14795 | D:12     | Reached skill level 1 in Armour
 15242 | D:12     | Found a shimmering altar of Xom.
 15418 | D:12     | Gained mutation: You have a pair of horns on your head.
                  | [demonic ancestry]
 15418 | D:12     | Reached XP level 12. HP: 78/78 MP: 20/25
 16347 | D:13     | Reached skill level 13 in Conjurations
 16725 | D:13     | Noticed a six-headed hydra
 17092 | D:13     | You are sucked into a shaft and drop 2 floors!
 17092 | D:15     | Entered Level 15 of the Dungeon
 17352 | D:15     | Reached skill level 10 in Spellcasting
 18086 | D:13     | Killed a six-headed hydra
 18323 | D:13     | Noticed a centaur warrior
 18326 | D:13     | Shot with an arrow by a centaur warrior

Illustrated notes

Levels and vault maps discovered:
D:1:      ebering_trefoil_twist, layout_rooms
D:2:      layout_loops_ring, uniq_jessica
D:3:      layout_basic, lemuel_coloured_pillars_altar,
          shapermc_ecumenical_altar_gd
D:4:      layout_gridville
D:5:      layout_basic, minmay_temple_entry_waves, kennysheep_generic_room_12
D:6:      layout_loops_ring, makhleb_grotto_becter, gup_sewer_entry_glass,
          minmay_diced_spiral
D:7:      layout_cave_pools, minmay_hedge_maze, uniq_maggie
D:8:      layout_rooms, erik_lair_dragon
D:9:      layout_irregular_city, amcnicky_altar_gilded,
          nicolae_dithmenos_the_darkroom, grunt_temple_overflow_diamond
D:10:     layout_roguey, nzn_wu_jian_council_hall, kennysheep_little_box,
          serial_shops, shop_statue, hive_lemuel, uniq_maurice
D:11:     layout_irregular_city, serial_shops, shop, uniq_urug
D:12:     layout_roguey, minmay_orc_entry_temple_small, xom_confusion_cloud
D:13:     layout_basic, hangedman_vaults_entry_quadrant_bands, minivault_23,
          uniq_rupert
D:14:     layout_gridville, chequers_decorated_corner
D:15:     grunt_enter_depths_hoard, layout_basic, serial_park_square2,
          st_stairs_1
Temple:   dshaligram_water_room_temple

Skill      XL: |  1  2  3  4  5  6  7  8  9 10 11 12 |
---------------+-------------------------------------+-----
Dodging        | 2 3 |  3.3
Fire Magic     | 3 4 5 6 7 8 9 |  9.2
Stealth        | 2 |  2.0
Conjurations   | 2 3 4 6 7 9 11 12 13 | 13.9
Spellcasting   | 3 4 5 7 8 9 10 | 10.3
Fighting       | 1 2 |  2.2
Long Blades    | 1 |  1.8
Earth Magic    | 3 4 |  4.9
Armour         | 1 2 |  2.7
Invocations    | |  0.6
Evocations     | |  0.2

Action                   |  1- 3 |  4- 6 |  7- 9 | 10-12 || total
-------------------------+-------+-------+-------+-------++-------
Melee: Unarmed           |     1 |       |       |       ||     1
       Dagger            |    35 |     7 |       |       ||    42
       Hand axe          |       |    12 |    27 |       ||    39
       Headbutt          |       |       |     8 |     9 ||    17
       Falchion          |       |       |    16 |    57 ||    73
 Cast: Foxfire           |    72 |   110 |   270 |   499 ||   951
       Sticky Flame      |       |       |    10 |    48 ||    58
       Fireball          |       |       |       |    33 ||    33
Evoke: Wand              |       |       |     1 |     3 ||     4
  Use: Scroll            |       |       |       |    14 ||    14
 Stab: Paralysed         |     8 |     9 |     8 |    21 ||    46
       Sleeping          |     1 |     1 |     1 |       ||     3
Armor: Robe              |     7 |     5 |    19 |       ||    31
       Steam dragon scal |       |       |     1 |     6 ||     7
       Acid dragon scale |       |       |       |    11 ||    11
Dodge: Dodged            |    17 |    22 |    50 |    40 ||   129
       Rpst.: Falchion   |       |       |     4 |    10 ||    14

Table legend: (Time is in decaauts)
 A = Elapsed time spent in this place.
 B = Non-inter-level travel time spent in this place.
 C = Inter-level travel time spent in this place.
 D = Time resting spent in this place.
 E = Time spent auto-exploring this place.
 F = Levels seen in this place.
 G = Mean time per level.
                   A        B        C        D        E       F      G
               +--------+--------+--------+--------+--------+-----+--------+
         Total |  18406 |  18023 |    383 |   5201 |   8055 |  17 | 1082.7 |
       Dungeon |  18036 |  17653 |    383 |   5195 |   7833 |  15 | 1202.4 |
        Temple |     74 |     74 |      0 |      0 |     54 |   1 |   74.0 |
         Sewer |    295 |    295 |      0 |      6 |    168 |   1 |  295.0 |
               +--------+--------+--------+--------+--------+-----+--------+

Top non-repeatable levels by time:
     D:5: 1647 daAuts
    D:13: 1551 daAuts
     D:7: 1532 daAuts
    D:10: 1493 daAuts
     D:6: 1475 daAuts
    D:12: 1457 daAuts
     D:9: 1449 daAuts
     D:2: 1248 daAuts
     D:8: 1155 daAuts
    D:11: 1143 daAuts
     D:4: 1131 daAuts
     D:1: 917 daAuts
     D:3: 850 daAuts
    D:15: 759 daAuts
   Sewer: 295 daAuts
